Map: King's Cove LE

Players

DAVICO - Winner!

  • Race: Protoss Protoss
  • League: Diamond
  • Spawn Location: 5:00

Parkkatz

  • Race: Zerg Zerg
  • League: Platinum
  • Spawn Location: 11:00

VOD

Have the link to the VOD?

Description

Time

  • Played on: July 4, 2019, 8:14 p.m.
  • Length: 4:23
Show
View Real Time Build Order
Export as new Build Order

DAVICO Protoss - Winner!

Build Orders:  

Get SALT Encoding   

  1  0:00  Probe  
  13  0:07  Probe  
  14  0:20  Pylon  
  14  0:23  Probe  
  15  0:41  Forge  
  15  0:43  Probe  
  16  0:52  Pylon  
  16  0:55  Probe  
  17  1:12  Gateway  
  17  1:16  Probe  
  18  1:26  Photon Cannon  
  18  1:34  Photon Cannon  
  18  1:36  Probe  
  19  2:05  Nexus  
  19  2:20  Probe  
  19  2:21  Cybernetics Core  
  20  2:34  Photon Cannon  
  20  2:51  Probe  
  20  2:54  Zealot, Pylon  
  20  2:55  Assimilator  
  21  2:59  Assimilator  
  23  3:10  Probe  
  23  3:12  Shield Battery  
  24  3:17  Gateway  
  24  3:22  Adept  
  24  3:23  Probe x2  
  28  3:39  Photon Cannon  
  28  3:47  Shield Battery  
  28  3:49  Stalker  
  30  4:01  Probe x2  
  32  4:14  Pylon  
Show
View Real Time Build Order
Export as new Build Order

Parkkatz Zerg 

Build Orders: Hatch First 

Get SALT Encoding   

  12  0:01  Drone  
  13  0:13  Overlord  
  13  0:19  Drone  
  14  0:31  Drone x2  
  14  0:35  Drone  
  17  0:46  Drone  
  18  0:59  Hatchery  
  18  1:00  Extractor  
  18  1:02  Drone  
  17  1:17  Spawning Pool  
  16  1:19  Drone  
  16  1:23  Drone  
  18  1:29  Drone  
  19  1:39  Overlord  
  19  2:04  Roach Warren  
  19  2:06  Queen  
  20  2:21  Spine Crawler  
  19  2:41  Queen  
  21  2:44  Roach  
  21  2:45  Roach x2  
  21  2:49  Roach  
  29  2:55  Overlord  
  29  3:00  Drone  
  30  3:31  Spore Crawler  
  25  3:41  Roach x4  
  33  3:54  Roach x2  
  37  3:56  Overlord  
  37  3:57  Drone  
Tags
 
Add a new tag
Caveats
  • Supply blocks, unpowered buildings, or Contaminate may cause inaccurate times.
  • Supply counts are checked every 10 seconds.